 Dungeon Crawl Stone Soup version 0.30.0-30-g96aa6591b8 (webtiles) character file.

Game seed: 14610129999250508407

190 adizb the Chopper (level 6, -8/48 HPs)
             Began as a Human Berserker on June 26, 2023.
             Was a Believer of Trog.
             Mangled by Grinder (13 damage)
             ... on level 4 of the Dungeon on June 28, 2023.
             The game lasted 00:10:08 (2022 turns).

adizb the Chopper (Human Berserker)                 Turns: 2022, Time: 00:10:08

Health: -8/48      AC:  6    Str: 22 (25) XL:     6   Next: 1%
Magic:  6/6        EV: 11    Int:  5 (8)  God:    Trog [**....]
Gold:   201        SH:  0    Dex: 11 (12) Spells: 5/5 levels left

rFire   . . .        s - +0 war axe
rCold   . . .        (no shield)
rNeg    . . .        a - +0 ring mail
rPois   .            p - +0 helmet
rElec   .            (no cloak)
rCorr   .            (no gloves)
SInv    .            (no boots)
Will    ++...        (no amulet)
Stlth   +            l - +6 ring of strength
HPRegen 1.28/turn    (no ring)
MPRegen 0.10/turn

%: no passive effects
@: strong-willed (expiring), regenerating (expiring)
A: no striking features
a: Renounce Religion, Berserk, Trog's Hand


You were on level 4 of the Dungeon.
You worshipped Trog.
Trog was pleased with you.
You visited 1 branch of the dungeon, and saw 4 of its levels.

You collected 201 gold pieces.

Inventory:

Hand Weapons
 j - a +1 whip of flaming
 m - a +0 sling
 s - a +0 war axe (weapon)
Armour
 a - a +0 ring mail (worn)
 b - a +0 animal skin
 p - a +0 helmet (worn)
Jewellery
 l - a +6 ring of strength (left hand)
Scrolls
 c - 2 scrolls of amnesia {unknown}
 f - 2 scrolls of poison {unknown}
 g - a scroll of teleportation {unknown}
 h - 4 scrolls of identify {unknown}
 k - a scroll of immolation {unknown}
 r - 2 scrolls of fog {unknown}
 u - a scroll of noise {unknown}
Potions
 d - a potion of haste {unknown}
 e - a potion of flight {unknown}
 i - a potion of magic {unknown}
 n - a potion of degeneration
 o - a potion of attraction {unknown}
 q - a potion of brilliance {unknown}
 t - a potion of heal wounds {unknown}


   Skills:
 + Level 4.0 Fighting
 * Level 4.8 Axes
 + Level 3.2 Armour
 - Level 2.0 Dodging


You had 5 spell levels left.
You didn't know any spells.
Your spell library was empty.

Dungeon Overview and Level Annotations

Branches:
Dungeon (4/15)
 Temple: D:4-7

Altars:
Ashenzari
Cheibriados
Gozag
Hepliaklqana
Vehumet
Xom

Portals:
Abyss: D:4

Annotations:
D:4 Grinder; nogood's ghost, amateur DsFE


Message History

Grinder gestures at you. Pain shoots through your body!
Grinder drinks a potion.
Grinder seems to grow stronger.
You barely miss Grinder.
Grinder is lightly wounded.
Grinder completely misses you.
You slash Grinder!
Grinder is moderately wounded.
Grinder hits you.
You writhe in agony.
You hit Grinder.
Grinder is moderately wounded.
Grinder gestures at you. You resist with significant effort.
Okay, then.
Your skin crawls.
You feel strong-willed. Grinder hits you.
You writhe in agony.
You hit Grinder.
Grinder is heavily wounded.
Grinder hits you.
You writhe in agony.
* * * LOW HITPOINT WARNING * * *
Grinder hits you but does no damage.
You barely miss Grinder.
Grinder is heavily wounded.
Grinder hits you.
* * * LOW HITPOINT WARNING * * *
You writhe in agony.
* * * LOW HITPOINT WARNING * * *
You barely miss Grinder.
Grinder is heavily wounded.
You feel the effects of Trog's Hand fading.
Grinder hits you.
* * * LOW HITPOINT WARNING * * *
You writhe in agony.
* * * LOW HITPOINT WARNING * * *
It was a potion of degeneration.
There was something very wrong with that liquid.
You feel weakened.
You feel dopey.
You feel clumsy. Grinder hits you!
You die...

............. ............
...........# ...........+
....)....# . .......##..
#######.5.......
#.....#.@.......
#####....#..........###
#..##....#............#
#..##..###.....#+....#
#..##..#.......#....# .#. ∩
#......#.......#...## .W ###
#......#.......#+..#.#. ..#
#..#####...........##©###...
#..#.......####.....###.....


You could see Grinder (strong).

Vanquished Creatures
  An orc priest (D:2)
  An iguana (D:4)
  An orc wizard (D:3)
  4 adders
  2 worms (D:2)
  3 dart slugs
  8 orcs
  5 ball pythons
  3 bats
  2 endoplasms
  A giant cockroach (D:4)
  6 goblins
  3 hobgoblins
  7 kobolds
  5 quokkas
  2 frilled lizards
  A rat (D:1)
55 creatures vanquished.

Notes
Turn   | Place    | Note
-------+----------+-------------------------------------------
     0 | D:1      | adizb the Human Berserker began the quest for the Orb.
     0 | D:1      | Reached XP level 1. HP: 18/18 MP: 1/1
   217 | D:1      | Reached XP level 2. HP: 18/24 MP: 2/2
   411 | D:2      | Reached XP level 3. HP: 15/29 MP: 3/3
   727 | D:2      | Reached XP level 4. HP: 34/35 MP: 4/4
  1276 | D:2      | Reached ** piety under Trog
  1286 | D:2      | Reached XP level 5. HP: 27/42 MP: 5/5
  1470 | D:3      | Found a broken altar of Ashenzari.
  1470 | D:3      | Found a hazy altar of Hepliaklqana.
  1472 | D:3      | Found a radiant altar of Vehumet.
  1612 | D:3      | Found an opulent altar of Gozag.
  1655 | D:3      | Found a large runed translucent door.
  1655 | D:3      | Found a large runed translucent door.
  1669 | D:3      | Found a snail-covered altar of Cheibriados.
  1679 | D:3      | Found a shimmering altar of Xom.
  1866 | D:4      | Reached XP level 6. HP: 42/48 MP: 6/6
  1932 | D:4      | Found a one-way gate to the infinite horrors of the Abyss.
  1932 | D:4      | Noticed nogood's ghost (amateur DsFE)
  2000 | D:4      | Noticed Grinder
  2004 | D:4      | Paralysed by Grinder for 5 turns
  2022 | D:4      | Mangled by Grinder

Illustrated notes

Levels and vault maps discovered:
D:1:      dpeg_arrival_pits, layout_rooms
D:2:      layout_loops_ring, minmay_shallow_snake_nest
D:3:      layout_rooms, grunt_gozag_statues, nicolae_overflow_hidden_temple,
          jmf_multi_god_temple2, moated_statue
D:4:      layout_gridville, nzn_wu_jian_contemplation,
          gammafunk_ghost_abyssal_escape, uniq_grinder

Skill      XL: |  1  2  3  4  5 |
---------------+----------------+-----
Axes           | 4 |  4.8
Armour         | 3 |  3.2
Fighting       | 4 |  4.0
Dodging        | |  2.0

Action                     |  1- 3 |  4- 6 || total
---------------------------+-------+-------++-------
  Melee: Hand axe          |    69 |    87 ||   156
         Punch             |     1 |     1 ||     2
         Whip              |     8 |     7 ||    15
         War axe           |       |    21 ||    21
   Fire: Sling             |       |    24 ||    24
 Invoke: Trog's Hand       |       |     2 ||     2
    Use: Potion            |       |     1 ||     1
 Armour: Animal skin       |    18 |    17 ||    35
         Ring mail         |       |     1 ||     1
  Dodge: Dodged            |    49 |    74 ||   123
